 Dungeon Crawl Stone Soup version 0.29-a0-830-gcb1280458a (webtiles) character file.

Game seed: 3179030339542255420

1947 IdlyInterested the Slicer (level 8, -2/59 HPs)
             Began as a Demonspawn Fighter on July 11, 2022.
             Slain by a gnoll sergeant
             ... wielding a +2 vampiric trident
              (4 damage)
             ... on level 6 of the Dungeon.
             The game lasted 00:15:56 (5900 turns).

IdlyInterested the Slicer (Demonspawn Fighter)      Turns: 5900, Time: 00:15:57

Health: -2/59      AC: 17    Str: 16    XL:     8   Next: 98%
Magic:  0/8        EV:  7    Int: 11    God:
Gold:   156        SH:  0    Dex: 14    Spells: 7/7 levels left

rFire   + . .      SeeInvis .   u - +2 dagger (venom)
rCold   x . .      Faith    .   (no shield)
rNeg    . . .      Spirit   +   y - +0 chain mail
rPois   .          Reflect  .   q - +2 helmet
rElec   .          Harm     .   s - +2 cloak
rCorr   .          Rampage  .   (no gloves)
Will    .....                   f - +0 pair of boots
Stlth   ..........              (no amulet)
HPRegen 0.19/turn               g - ring of fire
MPRegen 0.22/turn               (no ring)

@: mighty, lethally poisoned (-2 -> -17), afraid, hasted and slowed
A: rugged brown scales 1, foul stench 1, magic shield, magic regeneration,
demonic touch 2
a: no special abilities


You were on level 6 of the Dungeon.
You visited 1 branch of the dungeon, and saw 6 of its levels.

You collected 390 gold pieces.
You spent 234 gold pieces at shops.

Inventory:

Hand Weapons
 a - a +0 rapier
 i - a +2 short sword of speed
 u - a +2 dagger of venom (weapon)
 C - a +1 dagger of flaming
Missiles
 o - 3 boomerangs (quivered)
Armour
 f - a +0 pair of boots (worn)
 j - a +0 buckler
 q - a +2 helmet (worn)
 s - a +2 cloak (worn)
 y - a +0 chain mail (worn)
Jewellery
 g - a ring of fire (left hand)
Wands
 h - a wand of paralysis (13)
Scrolls
 n - a scroll of teleportation
 r - 2 scrolls of enchant weapon
 z - 2 scrolls of magic mapping
 A - a scroll of enchant armour {unknown}
 B - a scroll of amnesia
Potions
 b - a potion of mutation {unknown}
 c - a potion of berserk rage
 d - 2 potions of heal wounds
 e - 2 potions of cancellation
 k - a potion of magic
 l - 3 potions of curing
 m - a potion of haste
 t - a potion of attraction {unknown}
 v - a potion of lignification
 w - a potion of resistance
 x - a potion of invisibility {unknown}


   Skills:
 - Level 3.0 Fighting
 + Level 8.2 Short Blades
 - Level 3.0 Armour
 + Level 2.7 Dodging
 * Level 5.5 Stealth
 - Level 3.0 Shields
 - Level 3.0 Unarmed Combat


You had 7 spell levels left.
You didn't know any spells.
Your spell library contained the following spells:

 Spells                   Type           Power      Damage    Failure   Level
 Blink                    Tloc           0%         N/A       100%        2
 Call Canine Familiar     Summ           0%         N/A       100%        3
 Inner Flame              Hex/Fire       0%         N/A       100%        3
 Lesser Beckoning         Tloc           0%         N/A       100%        3
 Portal Projectile        Hex/Tloc       0%         N/A       100%        3
 Tukima's Dance           Hex            0%         N/A       100%        3
 Animate Armour           Summ/Erth      0%         N/A       100%        4
 Blade Hands              Tmut           0%         N/A       100%        5
 Manifold Assault         Tloc           0%         N/A       100%        5


Dungeon Overview and Level Annotations

Branches:
Dungeon (6/15)
 Temple: D:4-7

Altars:
Fedhas
Nemelex Xobeh
Yredelemnul

Shops:
D:3 :!*   D:4 (

Annotations:
D:6 1 transporter, Spectrina's ghost, novice DjAM


Innate Abilities, Weirdness & Mutations

You are partially covered in rugged brown scales. (AC +1, +3% HP)
You may rarely emit foul miasma when damaged in melee.
When hurt, damage is shared between your health and your magic reserves.
You regenerate magic rapidly.
Your touch may inflict irresistible damage on your foes.


Message History

You can move again.
The gnoll sergeant blocks your attack.
You touch the gnoll sergeant!
The gnoll sergeant is moderately wounded.
Unknown command.
You closely miss the gnoll. Your touch misses the gnoll.
The gnoll sergeant hits you from afar with a +0 trident!
The gnoll closely misses you.
Spectrina's ghost casts a spell.
Spectrina's ghost radiates an aura of fear!
You are terrified of Spectrina's ghost!
The gnoll sergeant hits you with a +2 vampiric trident!
* * * LOW HITPOINT WARNING * * *
You closely miss the gnoll.
Unknown command.
You hit the gnoll sergeant but do no damage.
The gnoll sergeant is poisoned.
The gnoll sergeant is moderately wounded.
The gnoll hits you but does no damage.
You are poisoned.
The gnoll sergeant hits you from afar with a +0 trident.
* * * LOW HITPOINT WARNING * * *
The gnoll hits you but does no damage.
Spectrina's ghost hits you but does no damage.
The gnoll sergeant closely misses you.
You barely miss the gnoll sergeant.
The gnoll sergeant is moderately wounded.
You feel sick.
Unknown command.
You hit the gnoll sergeant but do no damage.
You touch the gnoll sergeant!
The gnoll sergeant is severely wounded.
You feel sick.
The gnoll hits you from afar with a +2 spear of venom.
* * * LOW HITPOINT WARNING * * *
You are lethally poisoned!
The gnoll sergeant hits you from afar with a +0 trident!
* * * LOW HITPOINT WARNING * * *
The gnoll hits you but does no damage. Spectrina's ghost closely misses you.
The gnoll sergeant hits you with a +2 vampiric trident.
You die...

..†.≈≈≈≈≈≈≈≈≈≈≈...≈≈≈≈≈≈≈≈≈≈≈..##
###.≈≈≈≈≈≈≈≈≈≈≈...≈≈≈≈≈≈≈≈≈≈≈..#
....≈≈#####...........#####≈≈..#
##..≈≈#..g#.###.©.###.#...#≈≈.##
#..≈≈#gg.###.#####g###...#≈≈.###
##.≈≈###.....ggg.......###≈≈....
#.≈≈.8 .######g######.#8.≈≈...#
#.≈≈.## #..W#8.g#.⌠.#.##.≈≈.#.#
#.≈≈.# ' .:#g@)....'..#.≈≈.#.#
#.≈≈.##.# ..#8W.#.⌠.#.##.≈≈....
#.≈≈.8#.## ##g######.#8.≈≈.#.# #
#.≈≈###.. ........g...###≈≈.#.# #
#.≈≈#...###.#####g###...#≈≈.#.# #
#.≈≈#...#.###.©.###.#g.g#≈≈.#..
###.≈≈#####...........#####≈≈.###
....≈≈≈≈≈≈≈≈≈≈≈≈≈≈≈≈≈≈≈≈≈≈≈≈≈.#
.##.≈≈≈≈≈≈≈≈≈≈≈≈≈≈≈≈≈≈≈≈≈≈≈≈≈.#


You could see 2 gnoll sergeants, Spectrina's ghost (scary) and 4 gnolls.

Vanquished Creatures
  Pikel (D:4)
  Sigmund (D:2)
  Menkaure (D:4)
  3 black bears
  A centaur (D:6)
  2 ogres
  A scorpion (D:6)
  A bullfrog (D:6)
  A necrophage (D:4)
  4 hounds
  A jelly (D:3)
  Crazy Yiuf (D:3)
  3 iguanas
  5 gnolls
  8 adders
  A white imp (D:6)
  An ufetubus (D:4)
  2 worms (D:2)
  5 dart slugs
  13 orcs
  6 ball pythons
  7 endoplasms
  12 giant cockroaches
  4 hobgoblins
  9 kobolds
  2 quokkas
  7 bats
  2 frilled lizards (D:2)
  5 goblins
  9 rats
119 creatures vanquished.

Vanquished Creatures (others)
  An orc wizard (D:4)
  2 orcs (D:4)
  6 plants (D:6)
9 creatures vanquished.

Grand Total: 128 creatures vanquished

Notes
Turn   | Place    | Note
-------+----------+-------------------------------------------
     0 | D:1      | IdlyInterested the Demonspawn Fighter began the quest for
                  | the Orb.
     0 | D:1      | Reached XP level 1. HP: 18/18 MP: 1/1
   126 | D:1      | Reached skill level 2 in Short Blades
   331 | D:1      | Gained mutation: Your touch may inflict minor irresistible
                  | damage on your foes. [demonic ancestry]
   331 | D:1      | Reached XP level 2. HP: 24/24 MP: 2/2
  1002 | D:2      | Gained mutation: Your touch may inflict irresistible damage
                  | on your foes. [demonic ancestry]
  1002 | D:2      | Reached XP level 3. HP: 29/29 MP: 3/3
  1104 | D:2      | Reached skill level 1 in Unarmed Combat
  1177 | D:2      | Reached skill level 3 in Short Blades
  1186 | D:2      | Gained mutation: You regenerate magic rapidly. [demonic
                  | ancestry]
  1186 | D:2      | Reached XP level 4. HP: 6/35 MP: 4/4
  1630 | D:2      | Found a faded altar of an unknown god.
  1927 | D:2      | Noticed Sigmund
  1936 | D:2      | Killed Sigmund
  1937 | D:2      | Reached skill level 4 in Short Blades
  1937 | D:2      | Gained mutation: You may rarely emit foul miasma when
                  | damaged in melee. [demonic ancestry]
  1937 | D:2      | Reached XP level 5. HP: 41/41 MP: 5/5
  1937 | D:2      | Reached XP level 6. HP: 47/47 MP: 6/6
  2272 | D:3      | Found Besocu's Assorted Antiques.
  2281 | D:3      | Bought a puce potion for 26 gold pieces
  2281 | D:3      | Bought a scroll labelled KOTSALAU ZEOGE for 29 gold pieces
  2472 | D:3      | Found a sparkling altar of Nemelex Xobeh.
  2791 | D:3      | Found Burer's Book Shop.
  2791 | D:3      | Found Koirph's Distillery.
  2944 | D:3      | Reached skill level 5 in Short Blades
  3165 | D:3      | Found a runed translucent door.
  3166 | D:3      | Noticed Crazy Yiuf
  3174 | D:3      | Killed Crazy Yiuf
  3175 | D:3      | Reached skill level 1 in Stealth
  3251 | D:3      | Bought a scroll of identify for 58 gold pieces
  3492 | D:4      | Noticed Menkaure
  3496 | D:4      | Found Fiheyps's Weapon Emporium.
  3509 | D:4      | Killed Menkaure
  3510 | D:4      | Gained mutation: When hurt, damage is shared between your
                  | health and your magic reserves. [demonic ancestry]
  3510 | D:4      | Reached XP level 7. HP: 47/52 MP: 7/7
  3564 | D:4      | Noticed Pikel
  3594 | D:4      | Killed Pikel
  3595 | D:4      | Reached skill level 7 in Short Blades
  3595 | D:4      | Gained mutation: You are partially covered in rugged brown
                  | scales. (AC +1, +3% HP) [demonic ancestry]
  3595 | D:4      | Reached XP level 8. HP: 33/59 MP: 6/8
  3914 | D:4      | Found a basalt altar of Yredelemnul.
  3916 | D:4      | Noticed a profane servitor
  3934 | D:4      | Noticed an angel
  4015 | D:3      | Bought a potion of curing for 33 gold pieces
  4015 | D:3      | Bought a potion of heal wounds for 55 gold pieces
  4015 | D:3      | Bought a potion of lignification for 33 gold pieces
  4123 | D:5      | Entered Level 5 of the Dungeon
  4139 | D:5      | Reached skill level 1 in Dodging
  4493 | D:5      | Got Tuefoziph's Octavo of the Called Pyre
  4589 | D:5      | Found a blossoming altar of Fedhas.
  4948 | D:6      | Identified the +1 scale mail "Koett" {rC- rCorr Str+3
                  | Slay+6}
  4948 | D:6      | Identified the +1 kite shield of the Bulwark {Int+4}
  5075 | D:6      | Found a transporter.
  5195 | D:6      | Reached skill level 8 in Short Blades
  5291 | D:6      | Reached skill level 5 in Stealth
  5303 | D:6      | Found a transporter.
  5736 | D:6      | Noticed Spectrina's ghost (novice DjAM)
  5890 | D:6      | Paralysed by a gnoll for 4 turns
  5900 | D:6      | HP: 2/59 [gnoll sergeant/+0 trident (8)]
  5900 | D:6      | Slain by a gnoll sergeant

Illustrated notes

Levels and vault maps discovered:
D:1:      heliophobic_arrival_dark_side_of_the_moon, layout_loops_ring
D:2:      minmay_roachtagon, layout_basic,
          shapermc_ecumenical_altar_mp_urbaneastern, nicolae_titane,
          uniq_sigmund
D:3:      minmay_chambers_of_twos, layout_loops_ring,
          mainiacjoe_overflow_surrounded_room, serial_shops, shop_statue,
          nicolae_shop_behind_doors, shop_fountains, minmay_misc_feat_encased,
          uniq_crazy_yiuf_cottage
D:4:      layout_rooms, grunt_temple_overflow_holy_war, serial_shops,
          nicolae_shop_statue_plus, uniq_menkaure, uniq_pikel
D:5:      layout_rooms, fedhas_altar_4
D:6:      layout_loops_corners, gammafunk_ghost_gnarly_gnolls

Skill      XL: |  1  2  3  4  5  6  7  8 |
---------------+-------------------------+-----
Short Blades   | 2 3 4 5 7 8 |  8.2
Armour         | 3 |  3.0
Unarmed Combat | 1 3 |  3.0
Shields        | 3 |  3.0
Stealth        | 2 3 5 |  5.5
Dodging        | 2 |  2.7
Fighting       | |  3.0

Action                   |  1- 3 |  4- 6 |  7- 9 || total
-------------------------+-------+-------+-------++-------
Melee: Rapier            |    14 |       |       ||    14
       Short sword       |    73 |   136 |   145 ||   354
       Touch             |     9 |    21 |    33 ||    63
       Punch             |       |     6 |     3 ||     9
       Dagger            |       |       |     7 ||     7
Throw: Boomerang         |       |       |     1 ||     1
Evoke: Wand              |       |     3 |     1 ||     4
  Use: Scroll            |     3 |     4 |     7 ||    14
       Potion            |       |     2 |     2 ||     4
 Stab: Paralysed         |       |     2 |       ||     2
Armor: Scale mail        |    34 |    41 |    23 ||    98
       Chain mail        |       |       |    51 ||    51
Dodge: Dodged            |    41 |    57 |    49 ||   147
Block: Buckler           |     5 |       |       ||     5

Table legend: (Time is in decaauts)
 A = Elapsed time spent in this place.
 B = Non-inter-level travel time spent in this place.
 C = Inter-level travel time spent in this place.
 D = Time resting spent in this place.
 E = Time spent auto-exploring this place.
 F = Levels seen in this place.
 G = Mean time per level.
                   A        B        C        D        E       F      G
               +--------+--------+--------+--------+--------+-----+--------+
         Total |   5753 |   5365 |    388 |    595 |   3715 |   6 |  958.8 |
       Dungeon |   5753 |   5365 |    388 |    595 |   3715 |   6 |  958.8 |
               +--------+--------+--------+--------+--------+-----+--------+

Top non-repeatable levels by time:
     D:2: 1240 daAuts
     D:3: 1129 daAuts
     D:6: 1026 daAuts
     D:1: 961 daAuts
     D:4: 702 daAuts
     D:5: 694 daAuts
